 Dungeon Crawl Stone Soup version 0.29-a0-80-g3050e97935 (webtiles) character file.

Game seed: 13155378462234068475

75 Cthan the Chiller (level 4, -5/34 HPs)
             Began as a Draconian Ice Elementalist on Feb 4, 2022.
             Slain by a gnoll (13 damage)
             ... on level 2 of the Dungeon.
             The game lasted 00:08:31 (2415 turns).

Cthan the Chiller (Draconian Ice Elementalist)      Turns: 2415, Time: 00:08:31

Health: -5/34      AC:  5    Str: 11    XL:     4   Next: 11%
Magic:  8/8        EV: 12    Int: 17    God:
Gold:   68         SH:  0    Dex: 11    Spells: 7/8 levels left

rFire   . . .      SeeInvis .   i - +0 trident
rCold   . . .      Faith    .   (no shield)
rNeg    . . .      Spirit   .   (armour unavailable)
rPois   .          Reflect  .   (helmet restricted)
rElec   .          Harm     .   (no cloak)
rCorr   .          Rampage  .   (no gloves)
Will    .....                   (no boots)
Stlth   ++........              g - amulet of the acrobat
HPRegen 0.11/turn               (no ring)
MPRegen 0.11/turn               (no ring)

@: no status effects
A: AC +5, unfitting armour, cold-blooded
a: no special abilities


You were on level 2 of the Dungeon.
You visited 1 branch of the dungeon, and saw 2 of its levels.

You collected 68 gold pieces.

Inventory:

Hand Weapons
 b - a +0 dagger
 i - a +0 trident (weapon)
Missiles
 e - 20 stones
 h - 24 bolts
 j - 25 arrows
Jewellery
 g - an amulet of the acrobat (around neck)
Scrolls
 a - 2 scrolls of teleportation {unknown}
 c - 5 scrolls of identify {unknown}
 d - 2 scrolls of fog {unknown}
Potions
 f - 3 potions of haste {unknown}


   Skills:
 + Level 0.4 Fighting
 - Level 0.3 Short Blades
 + Level 0.3 Polearms
 - Level 2.0 Dodging
 - Level 1.7 Stealth
 + Level 2.7 Spellcasting
 + Level 5.0 Ice Magic


You had 7 spell levels left.
You knew the following spells:

 Your Spells              Type           Power      Damage    Failure   Level
a - Freeze                Ice            76%        1d9       2%          1

Your spell library contained the following spells:

 Spells                   Type           Power      Damage    Failure   Level
 Frozen Ramparts          Ice            38%        1d5       7%          3
 Ozocubu's Armour         Ice            19%        N/A       7%          3
 Hailstorm                Conj/Ice       10%        3d5       54%         4


Dungeon Overview and Level Annotations

Branches:
Dungeon (2/15)

Altars:

Shops:
D:1 (


Innate Abilities, Weirdness & Mutations

Your plain brown scales are hard. (AC +5)
You cannot fit into any form of body armour.
You are cold-blooded and may be slowed by cold attacks.


Message History

You see here a frilled lizard corpse.
The kobold throws a stone.
The stone completely misses you.
There is an open door here.
The gnoll misses you. The gnoll completely misses you.
You closely miss the gnoll. The gnoll hits you but does no damage.
The gnoll barely misses you.
You puncture the gnoll!
The gnoll is heavily wounded.
The gnoll closely misses you. x2; The gnoll misses you.
You hit the gnoll.
The gnoll is almost dead.
The gnoll barely misses you. The gnoll hits you with a +0 spear.
The gnoll hits you from afar with a +0 halberd.
You barely miss the gnoll.
The gnoll is almost dead.
The gnoll barely misses you. The gnoll misses you.
You hit the gnoll.
You kill the gnoll!
The gnoll misses you.
The kobold throws a stone.
The stone hits you.
Your Ice Magic skill increases to level 5!
You have reached level 4!
You feel stronger.
Aiming: Freeze (safe; 2% risk of failure)
Press: ? - help, Q - select action, (/) - cycle Shift-Dir - straight line, f - you
Okay, then.
The gnoll misses you.
You puncture the gnoll!
The gnoll is heavily wounded.
The gnoll hits you with a +0 halberd. The gnoll misses you.
You hit the gnoll.
Your tail-slap misses the gnoll.
The gnoll is heavily wounded.
The gnoll closely misses you.
You hit the gnoll.
The gnoll is severely wounded.
The gnoll hits you with a +0 halberd!
* * * LOW HITPOINT WARNING * * *
You barely miss the gnoll.
The gnoll is severely wounded.
The gnoll hits you with a +0 halberd!
You die...

K..........# ...........#
...........# #####...........
................ ...............#
#######
...............############......
.....>........Kg@.........#......
......###.....r##########........
......# ############# ##.......
......######........######.......
#####............................
# ########........#######...... #
#########........# #...)..
####......##........# ##.##.#
..##.......)######### #.##.#


You could see a gnoll, a kobold and a rat.

Vanquished Creatures
  An adder (D:2)
  3 gnolls (D:2)
  4 endoplasms
  2 giant cockroaches (D:1)
  5 goblins
  4 hobgoblins
  2 jackals (D:1)
  2 quokkas (D:1)
  2 ball pythons
  4 bats (D:1)
  2 frilled lizards
  2 kobolds
  4 rats
37 creatures vanquished.

Notes
Turn   | Place    | Note
-------+----------+-------------------------------------------
     0 | D:1      | Cthan the Draconian Ice Elementalist began the quest for
                  | the Orb.
     0 | D:1      | Reached XP level 1. HP: 14/14 MP: 3/3
   408 | D:1      | Reached XP level 2. HP: 14/20 MP: 5/5
   912 | D:1      | Found Rilomp's Weapon Emporium.
  1669 | D:2      | Reached XP level 3. HP: 26/26 MP: 2/6
  2410 | D:2      | Reached skill level 5 in Ice Magic
  2410 | D:2      | Reached XP level 4. HP: 23/34 MP: 8/8
  2415 | D:2      | Slain by a gnoll

Illustrated notes

Levels and vault maps discovered:
D:1:      wander_arrival_chamber, layout_rooms, serial_shops,
          nicolae_shop_bloodbath_and_beyond, st_stairs_4, amethyst_killhole,
          minmay_strange_pillars
D:2:      layout_basic, nicolae_ecumenical_snake_handling

Skill      XL: |  1  2  3 |
---------------+----------+-----
Dodging        | 2 |  2.0
Ice Magic      | 5 |  5.0
Fighting       | |  0.4
Short Blades   | |  0.3
Polearms       | |  0.3
Stealth        | |  1.7
Spellcasting   | |  2.7

Action                   |  1- 3 |  4- 6 || total
-------------------------+-------+-------++-------
Melee: Dagger            |    98 |       ||    98
       Tailslap          |    16 |       ||    16
       Unarmed           |     2 |       ||     2
       Punch             |     1 |       ||     1
       Trident           |    24 |     4 ||    28
 Cast: Freeze            |    29 |       ||    29
Armor: Skin              |    44 |       ||    44
Dodge: Dodged            |   131 |     3 ||   134

Table legend: (Time is in decaauts)
 A = Elapsed time spent in this place.
 B = Non-inter-level travel time spent in this place.
 C = Inter-level travel time spent in this place.
 D = Time resting spent in this place.
 E = Time spent auto-exploring this place.
 F = Levels seen in this place.
 G = Mean time per level.
                   A        B        C        D        E       F      G
               +--------+--------+--------+--------+--------+-----+--------+
         Total |   2421 |   2394 |     27 |   1078 |    614 |   2 | 1210.5 |
       Dungeon |   2421 |   2394 |     27 |   1078 |    614 |   2 | 1210.5 |
               +--------+--------+--------+--------+--------+-----+--------+

Top non-repeatable levels by time:
     D:1: 1613 daAuts
     D:2: 808 daAuts
